 Dungeon Crawl Stone Soup version 0.17.0-28-g6e173f8 (webtiles) character file.

2345 lorenzova the Destroyer (level 9, -2/45 HPs)
             Began as a Deep Elf Conjurer on Nov 29, 2015.
             Was a Believer of Vehumet.
             Slain by a killer bee (5 damage)
             ... on level 7 of the Dungeon.
             The game lasted 00:22:53 (7696 turns).

lorenzova the Destroyer (Deep Elf Conjurer)         Turns: 7696, Time: 00:22:53

Health: -2/45      AC:  4    Str:  5    XL:     9   Next: 20%
Magic:  24/24      EV:  9    Int: 26    God:    Vehumet [**....]
Gold:   196        SH:  0    Dex: 15    Spells: 3 memorised, 21 levels left

rFire  . . .     SeeInvis .     z - +2 dagger (elec)
rCold  . . .     Clarity  .     a - +0 robe
rNeg   . . .     SustAt   .     (no shield)
rPois  .         Gourm    +     o - +2 hat
rElec  .         Spirit   .     (no cloak)
rCorr  .         Warding  .     (no gloves)
rMut   .         Stasis   .     (no boots)
MR     .....                    E - amulet of the gourmand
Stlth  ++........               x - +1 ring of evasion
                                g - +2 ring of intelligence

@: not resistant to hostile enchantments, unstealthy
A: no striking features
a: Renounce Religion


You were on level 7 of the Dungeon.
You worshipped Vehumet.
Vehumet was pleased with you.
You were full.

You visited 1 branch of the dungeon, and saw 8 of its levels.

You collected 301 gold pieces.
You spent 105 gold pieces at shops.

Inventory:

Hand Weapons
 z - a +2 dagger of electrocution (weapon)
Armour
 a - a +0 robe (worn)
 o - a +2 hat (worn)
Jewellery
 g - a +2 ring of intelligence (left hand)
 x - a +1 ring of evasion (right hand)
 y - an uncursed amulet of guardian spirit
 E - an amulet of the gourmand (around neck)
Wands
 B - a wand of polymorph (12)
 J - a wand of random effects (34)
Scrolls
 f - a scroll of recharging {unknown}
 k - a scroll of noise {unknown}
 l - 2 scrolls of amnesia
 q - 4 scrolls of identify {unknown}
 s - 4 scrolls of remove curse {unknown}
 v - 3 scrolls of enchant weapon {unknown}
 D - a scroll of immolation {unknown}
 I - a scroll of blinking {unknown}
Potions
 d - 3 potions of flight {unknown}
 e - 2 potions of degeneration {unknown}
 h - a potion of haste {unknown}
 i - 3 potions of curing
 j - a potion of ambrosia {unknown}
 m - a potion of beneficial mutation {unknown}
 n - a potion of brilliance {unknown}
 p - a potion of heal wounds {unknown}
 u - 2 potions of poison {unknown}
 w - a potion of lignification {unknown}
 A - 2 potions of mutation {unknown}
 C - a potion of agility
 G - a potion of might
 H - a potion of invisibility {unknown}
Books
 b - a book of Conjurations

   Spells                             Type                      Level
   a - Magic Dart                     Conjuration                  1
   b - Searing Ray                    Conjuration                  2
   c - Dazzling Spray                 Conjuration/Hexes            3
   d - Fulminant Prism                Conjuration/Hexes            4
   e - Iskenderun's Mystic Blast      Conjuration                  4
   f - Iskenderun's Battlesphere      Conjuration/Charms           5
Comestibles
 c - 4 bread rations
 r - a royal jelly
 t - 4 meat rations
 F - a beef jerky


   Skills:
 - Level 2.4 Dodging
 - Level 2.4 Stealth
 + Level 9.8 Spellcasting
 * Level 11.6 Conjurations


You had 21 spell levels left.
You knew the following spells:

 Your Spells              Type           Power        Failure   Level  Hunger
a - Magic Dart            Conj           ####         1%          1    None
x - Iskenderun's Mystic   Conj           ######..     1%          4    None
z - Flame Tongue          Conj/Fire      #####        1%          1    None


Dungeon Overview and Level Annotations

Branches:
Dungeon (8/15)             Temple (0/1) D:6
   Lair: D:8-11

Altars:
Fedhas
Kikubaaqudgha
Makhleb
Ru
Vehumet
Xom
The Shining One

Shops:
D:5 *

Annotations:
D:8 AAAAA's ghost, novice MiFi


Message History

Evoking this partially-identified wand wasted a few charges.
The killer bee barely misses you. The killer bee misses you.
Evoke which item? (* to show all) (? for menu, Esc to quit)
Zapping:
B - a wand of polymorph {zapped: 3} (will waste charges)
Press: ? - help, Shift-Dir - straight line, f/p - killer bee
Aim: a killer bee (lightly wounded, chance to defeat MR: 54%)
The killer bee evaporates and reforms as a porcupine!
Evoking this partially-identified wand wasted a few charges.
The porcupine bites you!
* * * LOW HITPOINT WARNING * * *
Things that are here:
a club; a whip; a robe You see here a whip.
There is an open door here.
The porcupine barely misses you.
There is a stone staircase leading up here.
The killer bee barely misses you. The porcupine bites you.
* * * LOW HITPOINT WARNING * * *
The killer bee stings you.
You die...

.###.###.....# #.##.
.#.....'.....+......# . ###...y
.#######....[#......# b.#......
......##.....#......# ..'......
#####.########......# #.....y
....#.# #......# ###.._.
###'#'########......# ##...
#...........##...y..##########...
'...........##..@r.y'yy)))y..yĆ·..
#................y..##########y..
#####'######.....[..# #... #.#
#......### #... #.#### #......#
#[.. #####[##<# #......# #...
......##.# #......# #...
......##.# ######## #...
......##'##########


You could see a porcupine and 5 killer bees.

Vanquished Creatures
  Sigmund (D:5)
  Eustachio (D:5)
  An orc warrior (D:7)
  An ice beast (D:6)
  A sky beast (D:7)
  A phantom (D:5)
  4 ogres
  A centaur (D:5)
  2 giant frogs (D:6)
  The ghost of plasmid the Sneak, an amateur VSAs (D:3)
  A wyvern zombie (D:6)
  A scorpion (D:4)
  A gnoll shaman (D:7)
  7 orc priests
  3 giant frog skeletons
  7 orc wizards
  2 centaur skeletons
  2 jellies
  4 worker ants
  2 worker ant zombies (D:5)
  6 gnolls (D:7)
  6 adders
  An adder skeleton (D:4)
  3 worms (D:3)
  8 giant geckos
  24 orcs
  A ball python (D:3)
  2 giant cockroaches
  6 goblins
  5 hobgoblins
  6 bats
  A giant gecko skeleton (D:4)
  6 giant newts
  A jackal skeleton (D:5)
  7 kobolds
  A quokka (D:4)
  A quokka zombie (D:5)
  8 rats
137 creatures vanquished.

Notes
Turn   | Place    | Note
--------------------------------------------------------------
     0 | D:1      | lorenzova the Deep Elf Conjurer began the quest for the Orb.
     0 | D:1      | Reached XP level 1. HP: 10/10 MP: 6/6
   290 | D:1      | Reached XP level 2. HP: 15/15 MP: 5/8
   509 | D:1      | Reached skill level 5 in Conjurations
  1083 | D:2      | Reached XP level 3. HP: 19/19 MP: 6/10
  1184 | D:2      | Found a blossoming altar of Fedhas.
  1262 | D:2      | Found a glowing golden altar of the Shining One.
  1569 | D:2      | Found a radiant altar of Vehumet.
  1580 | D:2      | Became a worshipper of Vehumet
  2175 | D:3      | Noticed plasmid's ghost (amateur VSAs)
  2198 | D:3      | Killed plasmid's ghost
  2198 | D:3      | Reached skill level 6 in Conjurations
  2198 | D:3      | Reached XP level 4. HP: 18/24 MP: 0/12
  2294 | D:3      | Learned a level 4 spell: Iskenderun's Mystic Blast
  2335 | D:3      | Reached XP level 5. HP: 28/28 MP: 10/14
  2587 | D:3      | Reached * piety under Vehumet
  2587 | D:3      | Offered knowledge of Flame Tongue by Vehumet.
  2590 | D:3      | Learned a level 1 spell: Flame Tongue
  2878 | D:4      | Reached skill level 5 in Spellcasting
  2896 | D:4      | Found a sacrificial altar of Ru.
  3167 | D:4      | Reached skill level 7 in Conjurations
  3167 | D:4      | Reached XP level 6. HP: 32/32 MP: 9/16
  3827 | D:5      | Entered Level 5 of the Dungeon
  3977 | D:5      | Reached skill level 8 in Conjurations
  3977 | D:5      | Reached XP level 7. HP: 33/36 MP: 11/18
  4013 | D:5      | Noticed Sigmund
  4024 | D:5      | Killed Sigmund
  4166 | D:5      | Noticed AAAAA's ghost (novice MiFi)
  4692 | D:5      | Noticed Eustachio
  4695 | D:5      | Killed Eustachio
  4695 | D:5      | Reached skill level 9 in Conjurations
  4822 | D:5      | Found an ancient bone altar of Kikubaaqudgha.
  5201 | D:5      | Reached ** piety under Vehumet
  5201 | D:5      | Offered knowledge of Throw Flame by Vehumet.
  5209 | D:5      | Reached XP level 8. HP: 30/41 MP: 6/21
  5440 | D:5      | Found an ancient bone altar of Kikubaaqudgha.
  5528 | D:5      | Found Ozxaaqor's General Store.
  5531 | D:5      | Bought a scroll of amnesia for 49 gold pieces
  5531 | D:5      | Bought a potion of agility for 56 gold pieces
  5708 | D:6      | Reached skill level 10 in Conjurations
  6062 | D:6      | Found a staircase to the Ecumenical Temple.
  6445 | D:6      | Found a burning altar of Makhleb.
  6545 | D:6      | You fall through a shaft for 2 floors!
  6567 | D:7      | Reached skill level 11 in Conjurations
  6785 | D:7      | Reached XP level 9. HP: 45/45 MP: 20/24
  7364 | D:7      | Found a shimmering altar of Xom.
  7696 | D:7      | Slain by a killer bee

Action                   |  1- 3 |  4- 6 |  7- 9 || total
-------------------------+-------+-------+-------++-------
Melee: Unarmed           |       |     1 |       ||     1
       Dagger            |       |     2 |     4 ||     6
 Cast: Magic Dart        |    91 |    63 |    88 ||   242
       Flame Tongue      |       |    36 |   116 ||   152
       Iskenderun's Myst |       |     2 |    31 ||    33
Evoke: Wand              |       |       |     2 ||     2
  Use: Potion            |       |       |     1 ||     1
  Eat: Chunk             |     4 |     5 |    19 ||    28
